 Dungeon Crawl Stone Soup version 0.21.1-1-g345015f (webtiles) character file.

214 iamserjio the Ducker (level 5, 0/37 HPs)
             Began as an Octopode Monk on Apr 8, 2018.
             Slain by bmj180's ghost (21 damage)
             ... on level 3 of the Dungeon.
             The game lasted 00:07:08 (2679 turns).

iamserjio the Ducker (Octopode Monk)                Turns: 2679, Time: 00:07:09

Health: 0/37       AC:  1    Str: 10    XL:     5   Next: 91%
Magic:  5/5        EV: 13    Int: 13    God:
Gold:   155        SH:  6    Dex: 15    Spells: 4/4 levels left

rFire    . . .     SeeInvis .   p - +2 dagger (holy)
rCold    . . .     Gourm    .   h - +0 shield
rNeg     . . .     Faith    .   (helmet restricted)
rPois    .         Spirit   .   (no amulet)
rElec    .         Reflect  .   (no ring)
rCorr    .         Harm     .   (no ring)
MR       .....                  (no ring)
Stlth    ++++......             (no ring)
HPRegen  0.12/turn              (no ring)
MPRegen  0.09/turn              (no ring)
                                (no ring)
                                (no ring)

@: no status effects
A: almost no armour, stealthy swim, amphibious, 8 rings, constrict 8, camouflage
1, gelatinous body 1
a: no special abilities


You were on level 3 of the Dungeon.
You were not hungry.

You visited 1 branch of the dungeon, and saw 3 of its levels.

You collected 155 gold pieces.

Inventory:

Hand Weapons
 a - a +0 short sword
 p - a +2 dagger of holy wrath (weapon)
 s - a +0 hunting sling
 t - a +0 long sword
Missiles
 u - 7 stones (quivered)
Armour
 h - a +0 shield (worn)
Scrolls
 c - 4 scrolls of fear {unknown}
 d - a scroll of immolation {unknown}
 e - a scroll of magic mapping {unknown}
 f - a scroll of amnesia {unknown}
 g - a scroll of teleportation {unknown}
 j - a scroll of enchant armour {unknown}
 k - 2 scrolls of remove curse {unknown}
 l - a scroll of identify {unknown}
 v - a scroll of enchant weapon {unknown}
Potions
 i - a potion of mutation {unknown}
 m - a potion of invisibility {unknown}
 n - 3 potions of magic {unknown}
 o - a potion of might {unknown}
Books
 q - a book of Misfortune

   Spells                             Type                      Level
   a - Confusing Touch                Hexes                        1
   b - Confuse                        Hexes                        3
   c - Gell's Gravitas                Translocation                3
   d - Petrify                        Transmutation/Earth          4
   e - Metabolic Englaciation         Hexes/Ice                    5
   f - Yara's Violent Unravelling     Hexes/Transmutation          5
Comestibles
 b - a ration
 r - a chunk of flesh


   Skills:
 + Level 4.1 Fighting
 - Level 3.1 Short Blades
 * Level 4.8 Dodging
 + Level 4.7 Stealth


You had 4 spell levels left.
You didn't know any spells.

Dungeon Overview and Level Annotations

Branches:
Dungeon (3/15)

Altars:
Ashenzari
Ru
Sif Muna
Wu Jian

Annotations:
D:2 Natasha
D:3 bmj180's ghost, novice HOFi


Innate Abilities, Weirdness & Mutations

You cannot wear most types of armour.
You are very stealthy in the water. (Stealth+)
You are amphibious.
You can wear up to eight rings at the same time.
You can use your tentacles to constrict eight enemies at once.
Your skin changes colour to match your surroundings (Stealth+).
Your rubbery body absorbs attacks. (AC +1, EV +1)


Message History

r - 2 chunks of flesh Eat one of 2 chunks of flesh? (ye/n/q)
You eat one of the 2 chunks of flesh.
This raw flesh tastes terrible.
You enter a teleport trap!
The teleport trap disappears.
Your surroundings suddenly seem different.
Found a green potion and 33 gold pieces.
A jackal comes into view.
The jackal barks!
You hit the jackal.
You kill the jackal!
You see here a jackal corpse.
There is a stone staircase leading up here.
You closely miss bmj180's ghost. Bmj180's ghost closely misses you.
You closely miss bmj180's ghost. Bmj180's ghost hits you!
Your shield prevents you from hitting bmj180's ghost.
Your squeeze misses bmj180's ghost. You barely miss bmj180's ghost.
Bmj180's ghost hits you! Bmj180's ghost hits you!!
Ouch! That really hurt!
You die...

............ ...#
.#........# ...
...........
...##.##...# #
#.##.#....# #.
#....#.##.#
#.###..#.#†##.######.#
.#....................#
..............W@.###
######...(........#
.........#.............
.#####..##############.
.## #..# ..#
#..######## #.##
#.......... #W.#
##.######## .# # ##.#
#.# .#.#


You could see bmj180's ghost.

Vanquished Creatures
  A centaur (D:2)
  An orc priest (D:2)
  Natasha (D:2)
  2 adders
  2 worms
  2 dart slugs
  3 leopard geckos
  5 orcs
  3 bats
  4 giant cockroaches
  5 goblins
  6 hobgoblins
  A jackal (D:3)
  4 kobolds
  A quokka (D:3)
  A ball python (D:3)
  3 frilled lizards
  5 rats
50 creatures vanquished.

Notes
Turn   | Place    | Note
-------+----------+-------------------------------------------
     0 | D:1      | iamserjio the Octopode Monk began the quest for the Orb.
     0 | D:1      | Reached XP level 1. HP: 16/16 MP: 1/1
    46 | D:1      | Reached XP level 2. HP: 18/21 MP: 2/2
   492 | D:1      | Reached XP level 3. HP: 26/26 MP: 3/3
   798 | D:2      | Reached XP level 4. HP: 16/31 MP: 4/4
   999 | D:2      | Found an ornate altar of the Wu Jian Council.
  1001 | D:2      | Found a sacrificial altar of Ru.
  1003 | D:2      | Found a shattered altar of Ashenzari.
  1003 | D:2      | Noticed Natasha
  1009 | D:2      | Killed Natasha
  1058 | D:2      | Found a deep blue altar of Sif Muna.
  1208 | D:2      | Noticed a centaur
  1217 | D:2      | Killed a centaur
  1217 | D:2      | Reached XP level 5. HP: 10/37 MP: 5/5
  1759 | D:2      | Noticed Natasha
  1812 | D:3      | Noticed a phantom
  1863 | D:3      | Noticed bmj180's ghost (novice HOFi)
  2679 | D:3      | Slain by bmj180's ghost

Skill      XL: |  1  2  3  4 |
---------------+-------------+-----
Stealth        | 3 4 |  4.7
Dodging        | 4 |  4.8
Fighting       | 4 |  4.1
Short Blades   | |  3.1

Action                   |  1- 3 |  4- 6 || total
-------------------------+-------+-------++-------
Melee: Short sword       |    45 |    56 ||   101
       Constrict         |    12 |    13 ||    25
       Tentacles         |    12 |    15 ||    27
       Dagger            |       |    24 ||    24
 Stab: Sleeping          |     6 |     5 ||    11
  Eat: Chunk             |       |     2 ||     2
       Ration            |       |     1 ||     1
Armor: Skin              |     1 |    13 ||    14
Dodge: Dodged            |    18 |    36 ||    54
Block: Shield            |     6 |    25 ||    31
